 Dungeon Crawl Stone Soup version 0.28.0-53-g5a82cb258f (webtiles) character file.

Game seed: 12956664679174277924

38576 Plasmagod the Bludgeoner (level 13, 0/122 HPs)
             Began as a Minotaur Fighter on July 19, 2022.
             Was a Priest of Ashenzari.
             Slain by a tengu reaver skeleton (6 damage)
             ... on level 15 of the Dungeon.
             The game lasted 00:52:15 (12857 turns).

Plasmagod the Bludgeoner (Minotaur Fighter)        Turns: 12857, Time: 00:52:16

Health: 0/122      AC: 25    Str: 24    XL:     13   Next: 64%
Magic:  0/12       EV: 10    Int:  1    God:    Ashenzari [***...]
Gold:   2172       SH: 11    Dex: 17    Spells: 12/12 levels left

rFire   + . .      SeeInvis +   l - +12 mace of the Profound Augurer {flame, Fragile rC+ rCorr, Alch, Melee} (curse)
rCold   + . .      Faith    .   J - +3 buckler of Subjectivity {+Blink Will+++ Int-4 Stlth+}
rNeg    . . .      Spirit   .   e - +0 plate armour {rF+}
rPois   +          Reflect  .   (helmet restricted)
rElec   +          Harm     .   C - +0 cloak "Mantic Desperation" {Fort, Bglg} (curse)
rCorr   +          Rampage  .   R - +0 pair of gloves "Affliction of Ashenzari" {infuse, Melee, Range} (curse)
Will    +++..      Clarity  +   (no boots)
Stlth   ..........              s - amulet of the Bound Harvest Moon {Regen+, Fort, Bglg} (curse)
HPRegen 1.10/turn               y - +4 ring of protection
MPRegen 0.13/turn               g - ring "Share My Portent" {rElec rPois Dex+5 Slay-3, Evo, Melee} (curse)

@: no status effects
A: horns 2, retaliatory headbutt
a: Renounce Religion, Evoke Blink, Shatter the Chains


You were on level 15 of the Dungeon.
You worshipped Ashenzari.
Ashenzari was most pleased with you.
You visited 2 branches of the dungeon, and saw 16 of its levels.
You also visited: Gauntlet.

You collected 2172 gold pieces.

Inventory:

Hand Weapons
 a - a +0 war axe
 l - the cursed +12 mace of the Profound Augurer (weapon) {flame, Fragile rC+ rCorr, Alch, Melee}
   (You found it on level 2 of the Dungeon)

   It burns those it strikes, dealing additional fire damage.
   rC:        It protects you from cold.
   rCorr:     It protects you from acid and corrosion.
   Fragile:   It will be destroyed if unequipped.
   It has a curse which improves the following skills: Alchemy: Poison Magic and
   Transmutations.
   Melee Combat: Short Blades, Long Blades, Axes, Maces & Flails, Polearms,
   Staves and Unarmed Combat.
Missiles
 G - a throwing net (quivered)
Armour
 e - a +0 plate armour of fire resistance (worn)
 C - the cursed +0 cloak "Mantic Desperation" (worn) {Fort, Bglg}
   (You took it off Crazy Yiuf on level 6 of the Dungeon)

   It has a curse which improves the following skills: Fortitude: Armour and
   Shields.
   Beguiling: Conjurations, Hexes and Translocations.
 J - the +3 buckler of Subjectivity (worn) {+Blink Will+++ Int-4 Stlth+}
   (You acquired it on level 10 of the Dungeon)

   Int:       It affects your intelligence (-4).
   +Blink:    It lets you blink.
   Will:      It greatly increases your willpower.
   Stlth:     It makes you more stealthy.
 R - the cursed +0 pair of gloves "Affliction of Ashenzari" (worn) {infuse, Melee, Range}
   (You found it in a Gauntlet)

   It has a curse which improves the following skills: Melee Combat: Short
   Blades, Long Blades, Axes, Maces & Flails, Polearms, Staves and Unarmed
   Combat.
   Ranged Combat: Slings, Bows, Crossbows and Throwing.
Jewellery
 c - a +4 ring of slaying
 f - a ring of poison resistance
 g - the cursed ring "Share My Portent" (right hand) {rElec rPois Dex+5 Slay-3, Evo, Melee}
   (You found it on level 5 of the Dungeon)

   [ring of poison resistance]

   Dex:       It affects your dexterity (+5).
   Slay:      It affects your accuracy & damage with ranged weapons and melee
   (-3).
   rElec:     It insulates you from electricity.
   rPois:     It protects you from poison.
   It has a curse which improves the following skills: Evocations: Evocations.
   Melee Combat: Short Blades, Long Blades, Axes, Maces & Flails, Polearms,
   Staves and Unarmed Combat.
 k - a ring of willpower
 o - an amulet of the acrobat
 s - the cursed amulet of the Bound Harvest Moon (around neck) {Regen+, Fort, Bglg}
   (You found it on level 4 of the Dungeon)

   [amulet of regeneration]

   Regen:     It increases your rate of health regeneration.
   It has a curse which improves the following skills: Fortitude: Armour and
   Shields.
   Beguiling: Conjurations, Hexes and Translocations.
 v - an amulet of reflection
 x - a ring of fire
 y - a +4 ring of protection (left hand)
 E - an amulet of magic regeneration
 H - a ring of positive energy
 T - the ring "Ceivy" {Fly rF+ SInv}
   (You found it in a Gauntlet)

   [ring of protection from fire]

   rF:        It protects you from fire.
   SInv:      It lets you see invisible.
   Fly:       It grants you flight.
Wands
 q - a wand of digging (1)
 B - a wand of flame (19)
 N - a wand of mindburst (8)
 P - a wand of iceblast (1)
 S - a wand of acid (9)
 V - a wand of paralysis (5)
 W - a wand of polymorph (2)
Scrolls
 h - 3 scrolls of noise
 i - 4 scrolls of blinking
 j - 10 scrolls of identify
 m - 5 scrolls of teleportation
 p - 3 scrolls of amnesia
 t - 4 scrolls of fog
 u - a scroll of silence
 D - 2 scrolls of brand weapon
 F - 2 scrolls of fear
 L - 2 scrolls of enchant weapon
Potions
 b - 2 potions of berserk rage
 d - 3 potions of might
 n - 2 potions of degeneration
 r - 3 potions of flight
 w - 3 potions of curing
 z - 3 potions of lignification
 A - a potion of invisibility
 I - 3 potions of resistance
 M - 3 potions of brilliance
 Q - 2 potions of cancellation
 U - 2 potions of ambrosia
Miscellaneous
 K - a lightning rod (4/4)
 O - a phantom mirror


   Skills:
 + Level 13.1 Fighting
 + Level 4.5(12.6) Axes
 + Level 15.8(19.1) Maces & Flails
 + Level 14.8(17.2) Armour
 * Level 4.9 Dodging
 + Level 2.6 Stealth
 + Level 11.9(14.3) Shields
 + Level 0.7(1.5) Evocations


You had 12 spell levels left.
You didn't know any spells.
Your spell library contained the following spells:

 Spells                   Type           Power      Damage    Failure   Level
 Apportation              Tloc           0%         N/A       99%         1
 Beastly Appendage        Tmut           0%         N/A       99%         1
 Foxfire                  Conj/Fire      0%         2x1d4     99%         1
 Corpse Rot               Necr/Air       0%         N/A       100%        2
 Ensorcelled Hibernation  Hex/Ice        0%         N/A       100%        2
 Passwall                 Tmut/Erth      0%         N/A       100%        2
 Poisonous Vapours        Pois/Air       0%         N/A       100%        2
 Wereblood                Tmut           0%         N/A       100%        2
 Conjure Flame            Conj/Fire      0%         6-21      100%        3
 Frozen Ramparts          Ice            0%         1d2       100%        3
 Ignite Poison            Fire/Tmut/Pois 0%         N/A       100%        3
 Inner Flame              Hex/Fire       0%         N/A       100%        3
 Spider Form              Tmut/Pois      0%         N/A       100%        3
 Swiftness                Air            0%         N/A       100%        3
 Airstrike                Air            0%         N/A       100%        4
 Flame Wave               Conj/Fire      0%         2d4       100%        4
 Ice Form                 Ice/Tmut       0%         N/A       100%        4
 Sticky Flame             Conj/Fire      0%         2d3       100%        4
 Summon Ice Beast         Ice/Summ       0%         N/A       100%        4
 Summon Lightning Spire   Summ/Air       0%         N/A       100%        4
 Alistair's Intoxication  Tmut/Pois      0%         N/A       100%        5
 Lightning Bolt           Conj/Air       0%         1d11      100%        5


Dungeon Overview and Level Annotations

Branches:
Dungeon (15/15)            Temple (1/1) D:4            Lair (0/6) D:10
    Orc (0/2) D:12        Gauntlet (visited)
 Vaults: D:13-14     Depths: D:15

Altars:
Ashenzari
Dithmenos
Elyvilon
Gozag
Hepliaklqana
Nemelex Xobeh
Sif Muna
Vehumet
Yredelemnul
The Shining One
Lugonu

Shops:
D:13 =


Innate Abilities, Weirdness & Mutations

You have a pair of horns on your head.
You reflexively headbutt those who attack you in melee.


Message History

* * * LOW HITPOINT WARNING * * *
You sock the skeletal warrior! You burn the skeletal warrior.
The skeletal warrior is almost destroyed.
The tengu reaver skeleton closely misses you.
You furiously retaliate!
You headbutt the tengu reaver skeleton!
The tengu reaver skeleton pecks you but does no damage.
The tengu reaver skeleton claws you but does no damage.
The skeletal warrior hits you with a +0 trident.
* * * LOW HITPOINT WARNING * * *
You hit the skeletal warrior. You burn the skeletal warrior.
You headbutt the skeletal warrior.
The skeletal warrior is almost destroyed.
You block the tengu reaver skeleton's attack.
The tengu reaver skeleton pecks you but does no damage.
The tengu reaver skeleton closely misses you.
The skeletal warrior hits you but does no damage.
You hit the skeletal warrior. You burn the skeletal warrior.
You destroy the skeletal warrior!
You sock the tengu reaver skeleton! You burn the tengu reaver skeleton.
The tengu reaver skeleton is moderately damaged.
The tengu reaver skeleton hits you but does no damage.
You block the tengu reaver skeleton's attack.
The tengu reaver skeleton claws you but does no damage.
You thump the tengu reaver skeleton! You burn the tengu reaver skeleton.
You headbutt the tengu reaver skeleton.
The tengu reaver skeleton is moderately damaged.
You bludgeon the tengu reaver skeleton!!
You burn the tengu reaver skeleton.
The tengu reaver skeleton is heavily damaged.
The tengu reaver skeleton hits you.
* * * LOW HITPOINT WARNING * * *
The tengu reaver skeleton pecks you but does no damage.
The tengu reaver skeleton claws you but does no damage.
You closely miss the tengu reaver skeleton.
Your headbutt misses the tengu reaver skeleton.
The tengu reaver skeleton is heavily damaged.
The tengu reaver skeleton hits you!
* * * LOW HITPOINT WARNING * * *
The tengu reaver skeleton pecks you.
You die...

#.........(. 8,
######...........
, ,
.................
, *
#...............
#...............
#...............
#..........(....
, *
#....Z))........
, *
#.....@#######..,
, #......#,, , ,.
#.<....# ,,,
#####..# , ,,,
#..# , , , #..# *
#..#∆ * **
#..#,,, , ...# ,
, ,,


You could see a tengu reaver skeleton.

Vanquished Creatures
  A minotaur (Gauntlet)
  Snorg (D:13)
  Josephine (D:12)
  Erolcha (D:11)
  A catoblepas (D:13)
  Erica (D:8)
  2 death knights
  3 centaur warriors
  3 death yaks (D:10)
  8 two-headed ogres
  Sonja (D:13)
  2 skeletal warriors
  A deep elf pyromancer (D:13)
  A wizard (Gauntlet)
  An orc knight (D:13)
  Pikel (D:5)
  2 cyclopes
  4 manticores
  3 gargoyles
  A cane toad (shapeshifter) (D:13)
  A kobold demonologist (D:9)
  A rime drake (shapeshifter) (D:13)
  3 komodo dragons
  An efreet (D:14)
  A freezing wraith (D:11)
  4 trolls
  A hornet (D:8)
  13 slime creatures
  A spriggan (D:8)
  19 yaks
  A centaur simulacrum (Gauntlet)
  A vampire (D:10)
  10 wraiths
  7 shadows
  A steam dragon (D:9)
  3 vampire mosquitoes
  A redback simulacrum (Gauntlet)
  A hydra simulacrum (Gauntlet)
  2 water moccasins
  2 orc warriors
  A hornet zombie (D:6)
  An ice beast (D:6)
  2 sky beasts
  A black bear (D:7)
  3 ogres
  2 necrophages
  11 centaurs
  A kobold brigand (D:8)
  4 gnoll sergeants
  2 scorpions (D:5)
  A water moccasin skeleton (D:6)
  10 killer bees
  13 wights
  5 howler monkeys
  2 jellies
  9 centaur zombies
  A bullfrog zombie (D:6)
  Crazy Yiuf (D:6)
  7 hounds
  4 gnoll shamans
  5 orc priests
  2 bullfrog skeletons
  An iguana (D:5)
  11 orc wizards
  A hell rat (D:10)
  6 ogre zombies (D:12)
  2 hound skeletons (D:4)
  2 mummies (D:11)
  2 howler monkey zombies
  24 gnolls
  2 howler monkey skeletons
  2 river rats (D:10)
  5 adders
  2 shadow imps
  2 white imps
  An ufetubus (D:6)
  2 adder skeletons (D:4)
  4 worms
  3 dart slugs
  25 orcs
  4 ball pythons
  4 endoplasms
  A giant cockroach (D:2)
  3 goblins
  5 hobgoblins
  9 jackals
  3 quokkas
  10 bats
  4 frilled lizards
  A goblin skeleton (D:12)
  A goblin zombie (D:12)
  A hobgoblin skeleton (D:12)
  A hobgoblin zombie (D:12)
  6 kobolds
  An orc skeleton (D:12)
  14 orc zombies (D:12)
  3 rats
369 creatures vanquished.

Vanquished Creatures (others)
  A shadow imp (Gauntlet)
  2 plants (D:1)
3 creatures vanquished.

Grand Total: 372 creatures vanquished

Notes
Turn   | Place    | Note
-------+----------+-------------------------------------------
     0 | D:1      | Plasmagod the Minotaur Fighter began the quest for the Orb.
     0 | D:1      | Reached XP level 1. HP: 19/19 MP: 0/0
   145 | D:1      | Reached XP level 2. HP: 27/27 MP: 1/1
   383 | D:1      | Found a faded altar of an unknown god.
   717 | D:2      | Reached XP level 3. HP: 33/33 MP: 2/2
  1104 | D:2      | Identified the +12 mace "Veyfofau" {flame, Fragile rC+
                  | rCorr}
  1125 | D:2      | Reached XP level 4. HP: 40/40 MP: 3/3
  1949 | D:3      | You fall into a shaft and drop 1 floor!
  1978 | D:4      | Noticed a necrophage
  1986 | D:4      | Killed a necrophage
  1987 | D:4      | Reached skill level 1 in Maces & Flails
  1987 | D:4      | Reached XP level 5. HP: 46/47 MP: 4/4
  2416 | D:4      | Reached skill level 5 in Armour
  2653 | D:4      | Reached skill level 2 in Maces & Flails
  2777 | D:4      | Found a staircase to the Ecumenical Temple.
  2794 | Temple   | Entered the Ecumenical Temple
  2832 | Temple   | Became a worshipper of Ashenzari the Shackled
  3091 | D:5      | Entered Level 5 of the Dungeon
  3091 | D:5      | Noticed Pikel
  3091 | D:5      | Noticed a lemure
  3091 | D:5      | Noticed a lemure
  3091 | D:5      | Noticed a lemure
  3091 | D:5      | Noticed an ogre
  3092 | D:5      | Noticed a lemure
  3099 | D:5      | HP: 2/47 [Pikel/+1 whip of flaming (6)]
  3100 | D:5      | Killed Pikel
  3101 | D:5      | Reached skill level 5 in Fighting
  3101 | D:5      | Reached skill level 4 in Maces & Flails
  3101 | D:5      | Reached XP level 6. HP: 3/56 MP: 5/5
  3101 | D:5      | Reached XP level 7. HP: 4/61 MP: 6/6
  3129 | D:5      | Reached skill level 5 in Maces & Flails
  3200 | D:5      | Identified the ring "Rasufe" {rElec rPois Dex+5 Slay-3}
  3273 | D:5      | Reached skill level 6 in Maces & Flails
  3273 | D:5      | Reached skill level 1 in Stealth
  3273 | D:5      | Reached skill level 5 in Shields
  3273 | D:5      | Reached XP level 8. HP: 64/68 MP: 7/7
  3499 | D:5      | Found a sparkling altar of Nemelex Xobeh.
  3755 | D:6      | Found a runed translucent door.
  3756 | D:6      | Noticed Crazy Yiuf
  3818 | D:6      | Reached skill level 7 in Maces & Flails
  3897 | D:6      | Reached skill level 8 in Maces & Flails
  4242 | D:6      | Reached XP level 9. HP: 74/75 MP: 8/8
  4342 | D:6      | Reached skill level 9 in Maces & Flails
  4650 | D:6      | Killed Crazy Yiuf
  5183 | D:7      | Identified the +1 leather armour of Juaph {Int+6}
  5763 | D:7      | Reached * piety under Ashenzari
  5763 | D:7      | Identified a scroll of acquirement
  5766 | D:7      | Acquired 1051 gold pieces
  5882 | D:8      | Reached skill level 10 in Maces & Flails
  6012 | D:8      | Noticed a two-headed ogre
  6012 | D:8      | Noticed a two-headed ogre
  6020 | D:8      | Killed a two-headed ogre
  6021 | D:8      | Reached skill level 10 in Armour
  6021 | D:8      | Reached skill level 1 in Dodging
  6023 | D:8      | Reached XP level 10. HP: 57/86 MP: 9/9
  6026 | D:8      | Killed a two-headed ogre
  6027 | D:8      | Reached skill level 11 in Maces & Flails
  6079 | D:8      | Found the +7 pair of quick blades "Gyre" and "Gimble"
                  | {protect}
  6234 | D:8      | Noticed Erica
  6256 | D:8      | Killed Erica
  6316 | D:8      | Identified the +1 ring mail "Qyuhezur" {Dex+2}
  6760 | D:9      | Reached ** piety under Ashenzari
  6853 | D:9      | Noticed a rust devil
  7010 | D:9      | Reached skill level 12 in Maces & Flails
  7133 | D:9      | Noticed a two-headed ogre
  7135 | D:9      | Killed a two-headed ogre
  7504 | D:10     | Entered Level 10 of the Dungeon
  7504 | D:10     | Noticed a two-headed ogre
  7520 | D:10     | Killed a two-headed ogre
  7521 | D:10     | Reached XP level 11. HP: 96/99 MP: 10/10
  7819 | D:10     | Noticed a death yak
  7821 | D:10     | Found a staircase to the Lair.
  7821 | D:10     | Noticed a death yak
  7822 | D:10     | Noticed a death yak
  7847 | D:10     | Killed a death yak
  7853 | D:10     | Killed a death yak
  7854 | D:10     | Reached skill level 13 in Maces & Flails
  7857 | D:10     | Killed a death yak
  8012 | D:10     | Reached *** piety under Ashenzari
  8084 | D:10     | Noticed a skeletal warrior
  8100 | D:10     | Killed a skeletal warrior
  8134 | D:10     | Noticed a two-headed ogre
  8145 | D:10     | Killed a two-headed ogre
  8401 | D:10     | Acquired the +3 buckler of Subjectivity {+Blink Will+++
                  | Int-4 Stlth+}
  8437 | D:11     | Reached skill level 14 in Maces & Flails
  8548 | D:11     | Noticed a death knight
  8585 | D:11     | Reached skill level 10 in Fighting
  8600 | D:11     | Killed a death knight
  8601 | D:11     | Reached XP level 12. HP: 51/110 MP: 11/11
  8705 | D:11     | Found a shadowy altar of Dithmenos.
  9231 | D:11     | Noticed Erolcha
  9250 | D:11     | Killed Erolcha
  9635 | D:12     | Found a staircase to the Orcish Mines.
  9992 | D:12     | Noticed a two-headed ogre
  9999 | D:12     | Killed a two-headed ogre
 10000 | D:12     | Reached skill level 10 in Shields
 10014 | D:12     | Noticed Josephine
 10034 | D:12     | Killed Josephine
 10035 | D:12     | Reached skill level 15 in Maces & Flails
 10178 | D:12     | Noticed a two-headed ogre
 10185 | D:12     | Killed a two-headed ogre
 10308 | D:12     | Noticed a two-headed ogre
 10315 | D:12     | Killed a two-headed ogre
 10480 | D:13     | Found a corrupted altar of Lugonu.
 10509 | D:13     | Reached XP level 13. HP: 77/123 MP: 12/12
 10567 | D:13     | Found Zybigrua's Jewellery Shoppe.
 10728 | D:13     | Noticed Sonja
 10734 | D:13     | Killed Sonja
 10852 | D:13     | Found a gate leading to a gauntlet.
 10861 | Gauntlet | Entered a Gauntlet
 10861 | Gauntlet | Found a transporter.
 10868 | Gauntlet | Found a transporter.
 10870 | Gauntlet | Found a transporter.
 10883 | Gauntlet | Found a transporter.
 10884 | Gauntlet | Found a transporter.
 10887 | Gauntlet | Found a runed translucent door.
 10887 | Gauntlet | Found a runed translucent door.
 10892 | Gauntlet | Found a transporter.
 10892 | Gauntlet | Identified the ring "Ceivy" {Fly rF+ SInv}
 10908 | Gauntlet | Found a transporter.
 10919 | Gauntlet | Found a transporter.
 10921 | Gauntlet | Found the +2 cloak of the Thief {*Fog Slay-2 SInv Stlth+}
 10929 | Gauntlet | Found a transporter.
 10931 | Gauntlet | Identified the +0 helmet of Irhe {Str+3 Int+4}
 10941 | Gauntlet | Found a transporter.
 10958 | Gauntlet | Found a transporter.
 10969 | Gauntlet | Found a transporter.
 10970 | Gauntlet | Found a transporter.
 11022 | Gauntlet | Found a transporter.
 11244 | Gauntlet | Noticed a minotaur
 11253 | Gauntlet | Killed a minotaur
 11579 | D:13     | Noticed Snorg
 11594 | D:13     | Killed Snorg
 11990 | D:13     | Identified the +5 ring mail "Nananturgh" {Str-3 SInv
                  | Stlth+}
 12676 | D:14     | Found a broken altar of Ashenzari.
 12804 | D:15     | Entered Level 15 of the Dungeon
 12857 | D:15     | HP: 6/122 [tengu reaver skeleton (13)]
 12857 | D:15     | Slain by a tengu reaver skeleton

Illustrated notes

Levels and vault maps discovered:
D:1:      lemuel_arrival_lava_pool, layout_rooms, serial_forest,
          infiniplex_forest_clump_C, infiniplex_forest_straight_4,
          infiniplex_forest_straight_1, infiniplex_forest_straight_4,
          infiniplex_forest_lined_2, infiniplex_forest_fountain,
          infiniplex_forest_end_double, shapermc_ecumenical_altar_mp_highgroup
D:2:      layout_basic, minmay_liquid_box
D:3:      layout_loops_ring
D:4:      layout_layer_cave, minmay_temple_entry_offerings,
          minmay_misc_feat_cross
D:5:      layout_basic, amcnicky_altar_gilded, hex_intersection, uniq_pikel
D:6:      layout_cave_pods, st_stairs_10, minmay_misc_feat_tower,
          dk_noncrumbling_3, uniq_crazy_yiuf_cottage
D:7:      layout_basic, dk_noncrumbling_4
D:8:      layout_cave_pods, hellmonk_guarded_unrand_gyre_and_gimble, uniq_erica
D:9:      layout_cross, serial_gnoll_camp, gnoll_camp_mini_loothouse,
          gnoll_camp_medium_01, gnoll_camp_mini_hut, gnoll_camp_mini_basic,
          gnoll_camp_mini_sergeant
D:10:     minmay_razor_zed, layout_basic, dpeg_lair_monsters,
          hangedman_abyss_or_decor_clamps
D:11:     layout_layer_cave, serial_undead, serial_undead_e, serial_undead_b,
          serial_undead_c, serial_undead_b, serial_undead_e, serial_undead_c,
          nicolae_dithmenos_the_darkroom, uniq_erolcha
D:12:     layout_roguey, zombieorc1_lemuel, uniq_josephine
D:13:     kennysheep_blocky_room, layout_basic, gauntlet_entry_generic,
          serial_shops, shop_fountains, tgw_lugonu_bribe, uniq_snorg, uniq_sonja
D:14:     layout_basic, grunt_vaults_entry_fortified,
          nicolae_gozag_seed_capital, ashenzari_altar_1
D:15:     gammafunk_depths_entry_grave, layout_irregular_city, uniq_nessos
Temple:   mainiacjoe_temple_circle_huts

Skill      XL: |  1  2  3  4  5  6  7  8  9 10 11 12 13 |
---------------+----------------------------------------+-----
Armour         | 4 6 7 8 10 11 13 14 | 14.8
Axes           | 3 4 |  4.5
Fighting       | 4 5 6 7 8 10 12 13 | 13.1
Shields        | 4 5 6 7 8 10 11 | 11.9
Maces & Flails | 1 4 6 8 10 12 14 15 | 15.8
Stealth        | 1 2 |  2.6
Dodging        | 1 2 4 |  4.9
Evocations     | |  0.7

Action                   |  1- 3 |  4- 6 |  7- 9 | 10-12 | 13-15 || total
-------------------------+-------+-------+-------+-------+-------++-------
Melee: War axe           |    61 |       |       |       |       ||    61
       Headbutt          |     6 |     8 |    32 |   149 |    47 ||   242
       Mace              |     1 |    51 |   177 |   616 |   182 ||  1027
Invok: Curse Item        |       |       |     2 |     4 |     1 ||     7
       Shatter the Chain |       |       |       |     1 |     1 ||     2
Evoke: Lightning rod     |       |       |       |     3 |       ||     3
  Use: Potion            |       |     2 |       |     3 |     2 ||     7
       Scroll            |       |       |     1 |     1 |       ||     2
 Stab: Petrified         |       |       |       |       |     3 ||     3
Armor: Scale mail        |     5 |       |       |       |       ||     5
       Plate armour      |    42 |    33 |    97 |   320 |   114 ||   606
Dodge: Dodged            |    16 |    13 |    52 |   172 |    57 ||   310
Block: Buckler           |    10 |    12 |    49 |   210 |    96 ||   377
